 Dungeon Crawl Stone Soup version 0.21-a0-440-g28109cb (webtiles) character file.

83 tof the Slasher (level 4, -8/35 HPs)
             Began as a Demonspawn Berserker on Nov 10, 2017.
             Was a Follower of Trog.
             Mangled by a gnoll
             ... wielding a +0 halberd
              (12 damage)
             ... on level 2 of the Dungeon.
             The game lasted 00:02:32 (1964 turns).

tof the Slasher (Demonspawn Berserker)              Turns: 1964, Time: 00:02:33

Health: -8/35      AC:  5    Str: 17    XL:     4   Next: 22%
Magic:  4/4        EV: 10    Int:  9    God:    Trog [*.....]
Gold:   35         SH:  0    Dex: 13    Spells: 3/3 levels left

rFire    . . .     SeeInvis .   a - +0 falchion
rCold    . . .     Gourm    .   (no shield)
rNeg     . . .     Faith    .   h - +0 scale mail
rPois    .         Spirit   .   (no helmet)
rElec    .         Reflect  .   (no cloak)
rCorr    .         Harm     .   k - -2 pair of gloves (curse)
MR       .....                  (no boots)
Stlth    ..........             (no amulet)
HPRegen  0.11/turn              (no ring)
MPRegen  0.09/turn              (no ring)

@: berserk cooldown, slowed, very slow
A: claws 1, demonic guardian 1
a: Berserk, Burn Spellbooks, Renounce Religion


You were on level 2 of the Dungeon.
You worshipped Trog.
Trog was aware of your devotion.
You were very hungry.

You visited 1 branch of the dungeon, and saw 2 of its levels.

You collected 35 gold pieces.

Inventory:

Hand Weapons
 a - a +0 falchion (weapon)
Missiles
 d - 4 javelins (quivered)
Armour
 h - a +0 scale mail (worn)
 k - a cursed -2 pair of gloves (worn)
Scrolls
 e - a scroll of remove curse {unknown}
 g - a scroll of teleportation {unknown}
 i - a scroll of fog {unknown}
Comestibles
 c - a bread ration
 f - 2 fruits
 j - 10 chunks of flesh


   Skills:
 + Level 3.5 Fighting
 * Level 3.6 Long Blades
 + Level 2.4 Armour
 + Level 2.3 Dodging


You had 3 spell levels left.
You didn't know any spells.

Dungeon Overview and Level Annotations

Branches:
Dungeon (2/15)

Altars:


Innate Abilities, Weirdness & Mutations

You have sharp fingernails.
A weak demonic guardian rushes to your aid.


Message History

Your white imp disappears in a puff of smoke!
The gnoll hits you with a halberd.
You hit the gnoll but do no damage. The gnoll hits you with a halberd.
The gnoll barely misses you.
You hit the gnoll.
The gnoll is lightly wounded.
The gnoll hits you with a halberd.
* * * LOW HITPOINT WARNING * * *
You hit the gnoll.
The gnoll is moderately wounded.
The gnoll hits you but does no damage.
You hit the gnoll.
The gnoll is heavily wounded.
The gnoll hits you with a halberd.
* * * LOW HITPOINT WARNING * * *
The gnoll misses you.
You hit the gnoll but do no damage.
The gnoll is heavily wounded.
The gnoll hits you with a halberd!
You die...

#.###
##.....## #.
#.# ##...## #.
#.# ##'## ##
#.# #.# #.#
#########.#
#.#
#.........##
#.#
#.######...##
#.#
#..)..(.....#
#.#
#.@#####...##
#.###.g###
#..##
#.........
..##
######.##.....
#.. ...# ###
#####


You could see a gnoll.

Vanquished Creatures
  4 gnolls
  2 adders (D:2)
  A dart slug (D:1)
  2 leopard geckos (D:1)
  A giant cockroach (D:2)
  A goblin (D:1)
  3 jackals (D:1)
  2 bats (D:1)
  2 frilled lizards
  5 kobolds
  4 rats
  A fungus (D:1)
28 creatures vanquished.

Notes
Turn   | Place    | Note
-------+----------+-------------------------------------------
     0 | D:1      | tof the Demonspawn Berserker began the quest for the Orb.
     0 | D:1      | Reached XP level 1. HP: 18/18 MP: 1/1
   613 | D:1      | Gained mutation: A weak demonic guardian rushes to your aid. [demonic ancestry]
   613 | D:1      | Reached XP level 2. HP: 24/24 MP: 2/2
  1016 | D:1      | Reached XP level 3. HP: 29/29 MP: 3/3
  1950 | D:2      | Gained mutation: You have sharp fingernails. [demonic ancestry]
  1950 | D:2      | Reached XP level 4. HP: 33/35 MP: 4/4
  1964 | D:2      | Mangled by a gnoll

Vault maps used:
D:1:      onia_arrival_mini_maze

Skill      XL: |  1  2 |
---------------+-------+-----
Long Blades    | 3 |  3.6
Armour         | 2 |  2.4
Dodging        | 2 |  2.3
Fighting       | |  3.5

Action                   |  1- 3 |  4- 6 || total
-------------------------+-------+-------++-------
Melee: Falchion          |    84 |     7 ||    91
Invok: Berserk           |     1 |       ||     1
  Eat: Chunk             |     3 |       ||     3
Armor: Animal skin       |    14 |       ||    14
       Scale mail        |    11 |     1 ||    12
Dodge: Dodged            |    54 |     2 ||    56
       Rpst.: Falchion   |    21 |       ||    21

Table legend:
 A = Spawn XP
 B = Non-spawn XP
 C = Spawn XP percentage of total XP
 D = Spawn monster count
 E = Non-spawn monster count
 F = Spawn count percentage of total count
 G = Total turns spent on level
                    A         B        C        D         E        F      G
               +---------+---------+-------+---------+---------+-------+---------
         Total |       0 |     119 |   0.0 |       0 |      27 |   0.0 |  1964
               +---------+---------+-------+---------+---------+-------+---------
           D:1 |       0 |      46 |   0.0 |       0 |      18 |   0.0 |  1607
           D:2 |       0 |      73 |   0.0 |       0 |       9 |   0.0 |   357
               +---------+---------+-------+---------+---------+-------+---------
